 Dungeon Crawl Stone Soup version 0.19-a0-786-g904d2f3 (webtiles) character file.

4073 AlphabetPasta the Martial Artist (level 10, 0/60 HPs)
             Began as a Kobold Transmuter on June 25, 2016.
             Was a Believer of Hepliaklqana.
             Slain by tijit's ghost (1 damage)
             ... on level 9 of the Dungeon.
             The game lasted 01:02:27 (9358 turns).

AlphabetPasta the Martial Artist (KoTm)             Turns: 9358, Time: 01:02:27

Health: 0/60       AC:  7    Str: 10    XL:     10   Next: 49%
Magic:  17/17      EV: 19    Int: 15    God:    Hepliaklqana [**....]
Gold:   549        SH:  0    Dex: 17    Spells: 5 memorised, 4 levels left

rFire  . . .     SeeInvis .       - Unarmed
rCold  . . .     Gourm    .     F - +2 robe {rN+}
rNeg   + . .     Faith    .     (shield restricted)
rPois  +         Spirit   .     w - +0 hat
rElec  .         Dismiss  .     (no cloak)
rCorr  .         Reflect  .     (no gloves)
SustAt .         Harm     .     p - +1 pair of boots
MR     +....                    (no amulet)
Stlth  ++........               B - ring of poison resistance
                                o - ring of protection from magic

@: about to teleport, somewhat resistant to hostile enchantments, unstealthy
A: icy blue scales 1, carnivore 3, clever 1
a: Recall Ancestor, Ancestor Identity, Renounce Religion


You were on level 9 of the Dungeon.
You worshipped Hepliaklqana.
Hepliaklqana was pleased with you.
You were completely stuffed.

You visited 2 branches of the dungeon, and saw 10 of its levels.
You also visited: Sewer.

You collected 821 gold pieces.
You spent 272 gold pieces at shops.

Inventory:

Missiles
 a - 97 arrows
 h - 19 bolts
Armour
 b - a +0 robe
 l - a +1 helmet
 p - a +1 pair of boots (worn)
 w - a +0 hat (worn)
 F - a +2 robe of positive energy (worn)
Jewellery
 o - a ring of protection from magic (left hand)
 t - an uncursed ring of fire
 y - an uncursed amulet of dismissal
 z - an uncursed ring of resist corrosion
 B - a ring of poison resistance (right hand)
Wands
 g - a wand of confusion (22/48)
 n - a wand of flame (19/48)
 s - a wand of paralysis (7/24)
 x - a wand of iceblast (0/15)
 G - a wand of flame (32/48)
 H - a wand of polymorph (12/24)
 K - a wand of disintegration (6/24)
Scrolls
 i - 2 scrolls of identify
 m - 3 scrolls of remove curse
 q - 2 scrolls of amnesia
 r - 6 scrolls of teleportation
 u - 2 scrolls of fog
 C - a scroll of magic mapping
 D - a scroll of recharging
 E - a scroll of enchant armour
 J - a scroll of enchant weapon
Potions
 e - a potion of cure mutation
 j - a potion of lignification
 v - 3 potions of flight
 A - a potion of cancellation
Books
 c - a book of Changes

   Spells                             Type                      Level
   a - Beastly Appendage              Transmutation                1
   b - Sticks to Snakes               Transmutation                2
   c - Spider Form                    Transmutation/Poison         3
   d - Ice Form                       Ice/Transmutation            4
   e - Blade Hands                    Transmutation                5
Comestibles
 d - 3 meat rations
 f - 6 beef jerkies
 k - a royal jelly
 L - a slice of pizza
 M - a chunk of flesh


   Skills:
 + Level 6.0 Fighting
 + Level 7.0 Dodging
 * Level 8.3 Unarmed Combat
 + Level 5.2 Spellcasting
 * Level 7.4 Transmutations


You had 4 spell levels left.
You knew the following spells:

 Your Spells              Type           Power        Failure   Level  Hunger
a - Beastly Appendage     Tmut           ####..       1%          1    None
b - Sticks to Snakes      Tmut           ####....     1%          2    ##.....
c - Spider Form           Tmut/Pois      ###.......   12%         3    ###....
d - Ice Form              Ice/Tmut       ###.....     34%         4    ####...
e - Blade Hands           Tmut           ####......   24%         5    ######.


Dungeon Overview and Level Annotations

Branches:
Dungeon (9/15)             Temple (1/1) D:5
   Lair: D:8-11         Orc: D:9-12

Altars:
Ashenzari
Cheibriados
Dithmenos
Elyvilon
Fedhas
Gozag
Hepliaklqana
Kikubaaqudgha
Makhleb
Nemelex Xobeh
Okawaru
Pakellas
Qazlal
Ru
Sif Muna
Trog
Uskayaw
Vehumet
Xom
Yredelemnul
Zin
The Shining One

Shops:
D:5 ?   D:6 =   D:7 }

Annotations:
D:9 exclusions: insubstantial wisp and sky beast, tijit's ghost, novice CeHu


Innate Abilities, Weirdness & Mutations

You are small and have problems with some larger weapons.
You are carnivorous and can eat meat at any time.
You are partially covered in icy blue scales. (AC +1)
Your mind is acute. (Int +2)


Message History

Tijit's ghost hits you but does no damage.
Socrates barely misses tijit's ghost.
You hit tijit's ghost but do no damage.
Tijit's ghost is lightly damaged.
Tijit's ghost hits you!
Socrates hits tijit's ghost with a dagger of draining.
Tijit's ghost hits you!!
* * * LOW HITPOINT WARNING * * *
Socrates points at tijit's ghost and mumbles some strange words.
Tijit's ghost resists with almost no effort.
The death knight calls down the wrath of Yredelemnul upon you.
You resist with some effort.
Okay, then.
Tijit's ghost hits Socrates.
Socrates hits tijit's ghost with a dagger of draining!
As you read the scroll of teleportation, it crumbles to dust.
You feel strangely unstable.
Socrates hits tijit's ghost with a dagger of draining.
Tijit's ghost hits you.
You die...

.≈ Y##v.≈≈ ..... .≈≈./..≈≈§
..###...[ .... .≈≈≈..≈≈§..
#.#.....# .#.. .#§§≈≈≈≈#..
#...#..# ##.##. .§#§≈≈≈....
#..#.# ###..##. ......#....
#####...## #....... .........#.#
#........####...###. ...........
#..........[..##.... #.........##
#..@W.R....[........ .....[.#...
.#####..###†.#.[..... #.<)...#.#
#..................... #........#
###.#......##.........
#...)..#.####......##############
###.#).....#.......#
....#..............#
....#.........<....#
...##......##.p....#


You could see the friendly Socrates the hexer and tijit's ghost.

Vanquished Creatures
  A yak (D:9)
  The ghost of Ryco the Sneak, an amateur SpEn of Dithmenos (Sewer)
  A hungry ghost (D:8)
  An orc warrior (D:8)
  2 ice beasts
  2 phantoms
  A black bear (D:6)
  4 ogres
  2 centaurs (D:7)
  A crocodile (D:9)
  A big kobold (D:8)
  A gnoll sergeant (D:9)
  3 giant frogs
  4 scorpions
  4 jellies (D:7)
  A crimson imp (D:8)
  A centaur zombie (D:8)
  5 hounds
  A centaur skeleton (D:4)
  4 orc priests
  2 iguanas
  A giant frog skeleton (D:5)
  9 orc wizards
  4 worker ants
  2 worker ant zombies
  7 adders
  3 gnolls (D:9)
  2 shadow imps (D:5)
  2 adder zombies (D:6)
  2 oozes
  4 worms
  A dart slug (D:2)
  6 giant geckos
  25 orcs
  8 bats
  12 giant cockroaches
  12 goblins
  6 hobgoblins
  10 jackals
  2 quokkas
  2 ball pythons
  4 giant newts
  A jackal skeleton (D:6)
  12 kobolds
  A quokka skeleton (D:4)
  13 rats
194 creatures vanquished.

Vanquished Creatures (collateral kills)
  A hungry ghost (D:8)
  An orc warrior (D:8)
  A phantom (D:9)
  A crocodile (Sewer)
  A jelly (D:7)
  A hound (D:5)
  2 crimson imps
  3 orc priests
  4 orc wizards
  A giant frog skeleton (D:7)
  An iguana (D:7)
  An adder (D:6)
  A shadow imp (D:5)
  2 orcs
  A bat (D:2)
  A giant cockroach (D:2)
  A kobold (Sewer)
  A quokka skeleton (D:8)
25 creatures vanquished.

Vanquished Creatures (others)
  A hexer (D:9)
  An ancestor (D:7)
  2 adders (D:3)
4 creatures vanquished.

Grand Total: 223 creatures vanquished

Notes
Turn   | Place    | Note
--------------------------------------------------------------
     0 | D:1      | AlphabetPasta the Kobold Transmuter began the quest for the Orb.
     0 | D:1      | Reached XP level 1. HP: 12/12 MP: 3/3
   158 | D:1      | Reached XP level 2. HP: 13/16 MP: 3/5
   198 | D:1      | Learned a level 2 spell: Sticks to Snakes
   577 | D:1      | Reached XP level 3. HP: 20/20 MP: 4/6
  1015 | D:2      | Learned a level 3 spell: Spider Form
  1188 | D:2      | Reached XP level 4. HP: 24/26 MP: 3/7
  1640 | D:3      | Reached XP level 5. HP: 30/30 MP: 6/8
  1740 | D:3      | Found a glowing drain.
  1811 | Sewer    | Entered a sewer
  1811 | Sewer    | Noticed Ryco's ghost (amateur SpEn)
  1954 | Sewer    | Noticed a crocodile
  1962 | Sewer    | Gained mutation: You are partially covered in icy blue scales. (AC +1) [potion of beneficial mutation]
  1963 | Sewer    | Gained mutation: Your mind is acute. (Int +2) [potion of beneficial mutation]
  1989 | Sewer    | Killed Ryco's ghost
  1989 | Sewer    | Reached skill level 4 in Unarmed Combat
  1989 | Sewer    | Reached XP level 6. HP: 6/36 MP: 6/9
  2451 | D:3      | Learned a level 3 spell: Spider Form
  2456 | D:3      | Learned a level 4 spell: Ice Form
  3074 | D:4      | Reached XP level 7. HP: 19/40 MP: 11/11
  3342 | D:4      | Reached skill level 5 in Unarmed Combat
  3835 | D:4      | Reached XP level 8. HP: 40/46 MP: 12/12
  4227 | D:5      | Entered Level 5 of the Dungeon
  4295 | D:5      | Found a staircase to the Ecumenical Temple.
  4306 | Temple   | Entered the Ecumenical Temple
  4498 | Temple   | Became a worshipper of Hepliaklqana
  4769 | D:5      | Found Iluorijo's Magic Scroll Shoppe.
  4774 | D:5      | Bought a scroll of identify for 24 gold pieces
  4774 | D:5      | Bought a scroll of identify for 24 gold pieces
  4774 | D:5      | Bought a scroll of identify for 24 gold pieces
  4954 | D:5      | HP: 2/48 [orc priest/nerve-wracking pain (4)]
  4970 | D:5      | Reached skill level 5 in Dodging
  5178 | D:5      | Reached skill level 5 in Transmutations
  5435 | D:6      | Reached skill level 6 in Unarmed Combat
  5608 | D:6      | Reached XP level 9. HP: 39/52 MP: 15/15
  5663 | D:6      | Found Animinti's Jewellery Shoppe.
  5671 | D:6      | Bought an uncursed ring of poison resistance for 200 gold pieces
  5796 | D:6      | Reached * piety under Hepliaklqana
  6719 | D:7      | Found a bloodstained altar of Trog.
  7424 | D:7      | Found Geylouq's Quality Used Wands.
  7659 | D:7      | Reached skill level 7 in Unarmed Combat
  7780 | D:8      | Reached skill level 5 in Fighting
  7881 | D:8      | Learned a level 5 spell: Blade Hands
  8257 | D:8      | Reached XP level 10. HP: 48/59 MP: 17/17
  8672 | D:8      | Reached ** piety under Hepliaklqana
  8673 | D:8      | Remembered your ancestor Socrates as a hexer
  8832 | D:8      | Found a shadowy altar of Dithmenos.
  8842 | D:8      | Reached skill level 8 in Unarmed Combat
  8842 | D:8      | Reached skill level 5 in Spellcasting
  9052 | D:9      | Noticed a death knight
  9053 | D:9      | Noticed a griffon
  9341 | D:9      | Noticed tijit's ghost (novice CeHu)
  9355 | D:9      | HP: 1/60 [tijit's ghost (21)]
  9358 | D:9      | Slain by tijit's ghost

Vault maps used:
D:1:      matt_arrival_spirals, hangedman_feature_mirror, minmay_octomino_c4
D:2:      grunt_ministairs_10
D:3:      portal_sewer_entry_a, serial_forest, infiniplex_forest_clump_double,
          infiniplex_forest_diagonal, infiniplex_forest_straight_4,
          infiniplex_forest_clump_medium, infiniplex_forest_clump_C,
          infiniplex_forest_straight_4, first_bread, lemuel_old_faithful
D:4:      kennysheep_generic_room_7
D:5:      serial_shops, kennysheep_little_box
D:6:      serial_shops, nicolae_shop_trees, solitary_fountain
D:7:      bloody_trog, nicolae_for_you_no_charge
D:8:      minmay_goldmine, grunt_dithmenos_smoke
D:9:      minmay_tri_box, hangedman_fish_farm, hangedman_misty_isle
Temple:   minmay_crystal_snake_temple
Sewer:    sewer_the_crocodile

Skill      XL: |  1  2  3  4  5  6  7  8  9 10 |
---------------+-------------------------------+-----
Transmutations | 2 3 4 5 6 7 |  7.4
Dodging        | 3 4 5 6 7 |  7.0
Fighting       | 2 3 4 5 6 |  6.0
Unarmed Combat | 4 5 6 7 8 |  8.3
Spellcasting   | 3 4 5 |  5.2

Action                   |  1- 3 |  4- 6 |  7- 9 | 10-12 || total
-------------------------+-------+-------+-------+-------++-------
Melee: Unarmed           |   119 |   236 |   491 |   183 ||  1029
       Kick              |     7 |     7 |       |       ||    14
       Headbutt          |     7 |    16 |    10 |     8 ||    41
       Punch             |       |     3 |    13 |     7 ||    23
 Cast: Beastly Appendage |    19 |    16 |     8 |     4 ||    47
       Sticks to Snakes  |     2 |     4 |     9 |       ||    15
       Spider Form       |       |       |       |     2 ||     2
Invok: Ancestor Life: He |       |       |       |     1 ||     1
Evoke: Wand              |       |       |    10 |     2 ||    12
  Use: Potion            |     2 |     5 |     5 |     2 ||    14
       Scroll            |       |    13 |     9 |     1 ||    23
 Stab: Sleeping          |     1 |     2 |     5 |       ||     8
       Distracted        |       |       |     2 |     1 ||     3
       Confused          |       |       |       |     3 ||     3
  Eat: Chunk             |    10 |     7 |    18 |    11 ||    46
Armor: Robe              |    21 |    31 |    67 |    23 ||   142
       Skin              |       |    16 |       |     1 ||    17
Dodge: Dodged            |    81 |   171 |   295 |   116 ||   663
